 Dungeon Crawl Stone Soup version 0.22.1-6-g1668fe2 (webtiles) character file.

912 dvd the Covered (level 8, -12/39 HPs)
             Began as a Vine Stalker Gladiator on Jan 21, 2019.
             Mangled by a two-headed ogre
             ... wielding a +0 giant spiked club
              (15 damage)
             ... on level 5 of the Dungeon.
             The game lasted 00:09:04 (3483 turns).

dvd the Covered (Vine Stalker Gladiator)            Turns: 3483, Time: 00:09:04

Health: -12/39     AC: 11    Str: 19    XL:     8   Next: 9%
Magic:  0/9        EV: 12    Int:  8    God:
Gold:   181        SH:  5    Dex: 22    Spells: 7/7 levels left

rFire    . . .     SeeInvis .   j - +2 mace (crush)
rCold    . . .     Gourm    .   n - +0 buckler
rNeg     . . .     Faith    .   l - +0 scale mail
rPois    .         Spirit   +   r - +2 helmet
rElec    .         Reflect  .   (no cloak)
rCorr    .         Harm     .   p - +0 pair of gloves (curse)
MR       +....                  (no boots)
Stlth    +.........             (no amulet)
HPRegen  0.53/turn              g - +6 ring of dexterity
MPRegen  0.11/turn              (no ring)

@: no status effects
A: fangs 3, regeneration 1, magic shield, antimagic bite, no potion heal 3, rot
immunity
a: no special abilities


You were on level 5 of the Dungeon.
You were not hungry.

You visited 1 branch of the dungeon, and saw 5 of its levels.

You collected 181 gold pieces.

Inventory:

Hand Weapons
 a - a +0 war axe
 j - a +2 mace of crushing (weapon)
 u - a +1 whip of freezing
Missiles
 d - 2 throwing nets (quivered)
Armour
 l - a +0 scale mail (worn)
 n - a +0 buckler (worn)
 p - a cursed +0 pair of gloves (worn)
 r - a +2 helmet (worn)
Jewellery
 g - a +6 ring of dexterity (left hand)
Wands
 v - a wand of polymorph (8)
Scrolls
 e - 6 scrolls of identify
 k - 4 scrolls of amnesia
 w - a scroll of enchant weapon {unknown}
Potions
 b - a potion of lignification {unknown}
 c - 4 potions of curing {unknown}
 h - a potion of agility {unknown}
 i - 2 potions of heal wounds {unknown}
 m - 2 potions of brilliance
 q - a potion of haste {unknown}
 s - a potion of magic {unknown}
 t - 2 potions of degeneration {unknown}
Comestibles
 f - 10 rations
 o - 23 chunks of flesh


   Skills:
 + Level 2.9 Fighting
 + Level 3.9(4.5) Axes
 + Level 3.3(4.2) Maces & Flails
 + Level 1.9 Throwing
 * Level 4.2 Armour
 + Level 3.6 Dodging
 + Level 0.7 Stealth
 + Level 1.9 Shields
 + Level 0.2 Unarmed Combat


You had 7 spell levels left.
You didn't know any spells.
Your spell library was empty.

Dungeon Overview and Level Annotations

Branches:
Dungeon (5/15)
 Temple: D:4-7

Altars:
Dithmenos
Wu Jian
Xom
Yredelemnul
Zin


Innate Abilities, Weirdness & Mutations

You have razor-sharp teeth.
Your natural rate of healing is unusually fast.
When hurt, damage is shared between your health and your magic reserves.
Your bite disrupts and absorbs the magic of your enemies.
Potions cannot restore your health.
You are immune to rotting.


Message History

Your bite misses the two-headed ogre.
The two-headed ogre is lightly wounded.
The two-headed ogre struggles against the net.
You hit the two-headed ogre. You bite the two-headed ogre! You drain its power.
The two-headed ogre is heavily wounded.
The two-headed ogre struggles against the net.
The net rips apart, and the two-headed ogre comes free!
The two-headed ogre hits you with a giant spiked club!
The two-headed ogre hits you but does no damage.
You hit the two-headed ogre but do no damage.
You bite the two-headed ogre, but do no damage.
The two-headed ogre is heavily wounded.
You block the two-headed ogre's attack.
The two-headed ogre hits you with a giant club!
You sock the two-headed ogre!
The two-headed ogre is heavily wounded.
The two-headed ogre hits you with a giant spiked club!
* * * LOW HITPOINT WARNING * * *
The two-headed ogre hits you with a giant club!
You die...

#.## ### ...
..# .... #.#
###. #.# #.# #
######.#######
#
#............#
#
+....#.####.#
## ####.#@# .#
#.#O# .##
#.#.# ..#
#.#.# #.##
#.#.# ...#
#.#.. .#.# #.#
#.### .#.##
#.# #.# .#..#
..# #.#


You could see a two-headed ogre.

Vanquished Creatures
  A sky beast (D:3)
  3 ogres
  A howler monkey (D:5)
  A gnoll shaman (D:4)
  2 orc wizards (D:5)
  A hound (D:5)
  An iguana (D:5)
  3 worker ants
  Ijyb (D:3)
  8 gnolls
  12 adders
  2 oozes
  3 worms
  3 dart slugs
  3 leopard geckos
  2 orcs
  A ball python (D:2)
  3 giant cockroaches
  4 goblins
  13 hobgoblins
  6 jackals (D:5)
  10 kobolds
  3 quokkas
  11 bats
  9 frilled lizards
  10 rats
117 creatures vanquished.

Notes
Turn   | Place    | Note
-------+----------+-------------------------------------------
     0 | D:1      | dvd the Vine Stalker Gladiator began the quest for the Orb.
     0 | D:1      | Reached XP level 1. HP: 11/11 MP: 2/2
   109 | D:1      | Reached XP level 2. HP: 4/15 MP: 1/3
   319 | D:1      | You fall through a shaft!
   466 | D:2      | Reached XP level 3. HP: 9/18 MP: 2/4
  1309 | D:1      | Reached skill level 1 in Armour
  1628 | D:2      | Gained mutation: Your natural rate of healing is unusually
                  | fast. [Vine Stalker growth]
  1628 | D:2      | Reached XP level 4. HP: 22/23 MP: 5/5
  1690 | D:2      | Found a basalt altar of Yredelemnul.
  2062 | D:3      | Reached XP level 5. HP: 22/26 MP: 6/6
  2091 | D:3      | Reached skill level 2 in Armour
  2140 | D:3      | Noticed Ijyb
  2178 | D:3      | Killed Ijyb
  2212 | D:3      | Found a shimmering altar of Xom.
  2212 | D:3      | Found a shimmering altar of Xom.
  2215 | D:3      | Found a shimmering altar of Xom.
  2216 | D:3      | Found a shimmering altar of Xom.
  2545 | D:3      | Found a faded altar of an unknown god.
  2651 | D:4      | Noticed a sky beast
  2710 | D:3      | Killed a sky beast
  2710 | D:3      | Reached skill level 1 in Maces & Flails
  2710 | D:3      | Reached XP level 6. HP: 28/30 MP: 7/7
  2777 | D:4      | Reached skill level 3 in Armour
  2790 | D:4      | Found a shadowy altar of Dithmenos.
  2790 | D:4      | Found a glowing silver altar of Zin.
  2790 | D:4      | Noticed an angel
  2802 | D:4      | Reached XP level 7. HP: 29/35 MP: 8/8
  2826 | D:4      | Found a shimmering altar of Xom.
  2876 | D:4      | Reached skill level 1 in Shields
  3258 | D:5      | Entered Level 5 of the Dungeon
  3261 | D:5      | Found an ornate altar of the Wu Jian Council.
  3348 | D:5      | Reached skill level 4 in Armour
  3415 | D:5      | Gained mutation: You have razor-sharp teeth. [Vine Stalker
                  | growth]
  3415 | D:5      | Reached XP level 8. HP: 37/39 MP: 7/9
  3475 | D:5      | Noticed a two-headed ogre
  3483 | D:5      | Mangled by a two-headed ogre

Skill      XL: |  1  2  3  4  5  6  7 |
---------------+----------------------+-----
Axes           | 3 |  3.9
Armour         | 1 2 3 4 |  4.2
Fighting       | 2 |  2.9
Dodging        | 3 |  3.6
Maces & Flails | 1 2 3 |  3.3
Shields        | 1 |  1.9
Throwing       | |  1.9
Stealth        | |  0.7
Unarmed Combat | |  0.2

Action                   |  1- 3 |  4- 6 |  7- 9 || total
-------------------------+-------+-------+-------++-------
Melee: War axe           |    89 |    26 |       ||   115
       Bite              |    29 |    46 |    39 ||   114
       Mace              |       |   114 |    96 ||   210
       Unarmed           |       |     8 |       ||     8
Throw: Throwing net      |       |       |     1 ||     1
  Use: Scroll            |     2 |     1 |       ||     3
 Stab: Sleeping          |     1 |       |       ||     1
  Eat: Chunk             |     2 |     4 |     3 ||     9
Armor: Leather armour    |     5 |       |       ||     5
       Scale mail        |    48 |    65 |    32 ||   145
       Skin              |       |     7 |       ||     7
Dodge: Dodged            |    72 |    84 |    50 ||   206
Block: Buckler           |       |    18 |    28 ||    46
